 Dungeon Crawl Stone Soup version 0.21.1-1-g345015f (webtiles) character file.

73 tidbits the Grave Robber (level 4, 5/32 HPs)
             Began as a Gnoll Necromancer on June 15, 2018.
             Quit the game on level 3 of the Dungeon.
             The game lasted 00:06:36 (562 turns).

tidbits the Grave Robber (Gnoll Necromancer)         Turns: 562, Time: 00:06:37

Health: 5/32       AC:  3    Str: 10    XL:     4   Next: 27%
Magic:  6/11       EV: 15    Int: 19    God:
Gold:   83         SH:  0    Dex: 15    Spells: 5/13 levels left

rFire    . . .     SeeInvis .   b - +0 flail
rCold    . . .     Gourm    .   (no shield)
rNeg     . . .     Faith    .   B - +1 robe
rPois    .         Spirit   .   (no helmet)
rElec    .         Reflect  .   (no cloak)
rCorr    .         Harm     .   (no gloves)
MR       .....                  (no boots)
Stlth    +++.......             (no amulet)
HPRegen  0.10/turn              (no ring)
MPRegen  0.12/turn              (no ring)

@: no status effects
A: distributed training, fangs 1, strong nose
a: no special abilities


You were on level 3 of the Dungeon.
You were not hungry.

You visited 1 branch of the dungeon, and saw 3 of its levels.

You collected 83 gold pieces.

Inventory:

Hand Weapons
 a - a +0 club
 b - a +0 flail (weapon)
 g - a +0 hunting sling
 h - a -2 short sword
Missiles
 f - 3 javelins (quivered)
 i - 24 stones
 k - 38 arrows
Armour
 l - a +0 shield
 B - a +1 robe (worn)
Scrolls
 e - 2 scrolls of fog
 n - a scroll of fear {unknown}
Potions
 j - 2 potions of cancellation
Books
 m - a book of Necromancy

   Spells                             Type                      Level
   a - Pain                           Necromancy                   1
   b - Animate Skeleton               Necromancy                   1
   c - Vampiric Draining              Necromancy                   3
   d - Regeneration                   Charms/Necromancy            3
   e - Animate Dead                   Necromancy                   4
   f - Borgnjor's Vile Clutch         Necromancy/Earth             5
Comestibles
 c - 4 rations


   Skills:
 + Level 1.0 Fighting
 + Level 1.0 Short Blades
 + Level 1.0 Long Blades
 + Level 1.0 Axes
 + Level 1.0 Maces & Flails
 + Level 1.0 Polearms
 + Level 1.0 Staves
 + Level 1.0 Slings
 + Level 1.0 Bows
 + Level 1.0 Crossbows
 + Level 1.0 Throwing
 + Level 1.0 Armour
 + Level 4.6 Dodging
 + Level 4.2 Stealth
 + Level 1.0 Shields
 + Level 1.0 Unarmed Combat
 + Level 5.0 Spellcasting
 + Level 0.8 Conjurations
 + Level 0.8 Hexes
 + Level 0.8 Charms
 + Level 0.8 Summonings
 + Level 7.1 Necromancy
 + Level 0.8 Translocations
 + Level 0.8 Transmutations
 + Level 0.8 Fire Magic
 + Level 0.8 Ice Magic
 + Level 0.8 Air Magic
 + Level 0.8 Earth Magic
 + Level 0.8 Poison Magic
 + Level 1.1 Invocations
 + Level 1.0 Evocations


You had 5 spell levels left.
You knew the following spells:

 Your Spells              Type           Power        Failure   Level  Hunger
a - Pain                  Necr           ####         1%          1    None
d - Vampiric Draining     Necr           ####......   1%          3    ##.....
n - Animate Skeleton      Necr           N/A          1%          1    None
r - Regeneration          Chrm/Necr      ###.......   7%          3    ##.....


Dungeon Overview and Level Annotations

Branches:
Dungeon (3/15)

Altars:

Annotations:
D:3 Grinder


Innate Abilities, Weirdness & Mutations

Your experience applies equally to all skills.
You have very sharp teeth.
Your uncanny sense of smell can sniff out nearby items.


Message History

The kobold writhes in agony!
You kill the kobold!
Found a scroll labeled REMUDE KEOCZO.
You see here a scroll labeled REMUDE KEOCZO.
As you read the scroll labeled REMUDE KEOCZO, it crumbles to dust.
You feel as if something is helping you.
It was a scroll of remove curse.
Wield which item (- for none, * to show all)? (? for menu, Esc to quit)
a - a +0 club (weapon)
Adjust (i)tems, (s)pells, or (a)bilities?
Adjust which item? (? for menu, Esc to quit)
a - a +0 club (weapon)
Adjust to which letter? (? for menu, Esc to quit)
Okay, then.
Unknown command.
Adjust (i)tems, (s)pells, or (a)bilities?
Adjust which item? (? for menu, Esc to quit)
m - a flail Adjust to which letter? (? for menu, Esc to quit)
b - a flail;
m - a book of Necromancy An adder comes into view.
The adder moves out of view.
Found 11 gold pieces.
You see here 11 gold pieces.
You now have 83 gold pieces (gained 11).
A kobold and Grinder come into view.
Grinder shouts!
The kobold shouts!
Grinder says, "Just stop there for a second..."
A centaur comes into view.
You feel better. Grinder misses you.
Okay, then.
Wield which item (- for none, * to show all)? (? for menu, Esc to quit)
b - a +0 flail (weapon)
Unknown command.
You barely miss Grinder. Grinder barely misses you. x2
You closely miss Grinder. Grinder gestures at you.
You suddenly lose the ability to move!
Grinder gestures at you. Pain shoots through your body!
Grinder hits you but does no damage.
You can move again.
Unknown command.
Casting: Pain
Confirm with . or Enter, or press ? or * to list all spells.
Your skin crawls.
Grinder blinks!
The kobold throws a stone.
The stone misses you.
Unknown command.
The centaur barely misses you.
Grinder says, "My boss said I was rubbish.
His entrails said otherwise."
The kobold misses you. The centaur completely misses you.
The centaur wields a shortbow.
The centaur shoots an arrow.
The arrow hits you.
You sock the kobold!
You kill the kobold!
The centaur shoots an arrow.
The arrow closely misses you.
The centaur shoots an arrow.
The arrow completely misses you.
Casting: Regeneration
Confirm with . or Enter, or press ? or * to list all spells.
Aiming: Pain
Press: ? - help, Shift-Dir - straight line, f - centaur
Aim: a centaur, wielding a shortbow (chance to defeat MR: 84%)
The centaur writhes in agony!
Your skin is crawling a little less now.
The centaur shoots an arrow.
The arrow barely misses you.
Casting: Pain
Confirm with . or Enter, or press ? or * to list all spells.
Aiming: Pain
Press: ? - help, Shift-Dir - straight line, f/p - centaur
Aim: a centaur, wielding a shortbow (moderately wounded, chance to defeat MR: 84%)
The centaur writhes in agony!
The centaur shoots an arrow.
The arrow misses you.
You sock Grinder!
Grinder is moderately wounded.
Grinder closely misses you. Grinder hits you.
* * * LOW HITPOINT WARNING * * *
You hit Grinder but do no damage.
Grinder is moderately wounded.
Grinder hits you but does no damage.
You barely miss Grinder.
Grinder is moderately wounded.
Grinder barely misses you.
Grinder blinks!
Unknown command.
Throwing (i - inventory. (,) - cycle):
f - 4 javelins (quivered)
Press: ? - help, Shift-Dir - straight line, f/p - centaur
Aim: a centaur, wielding a shortbow (heavily wounded)
You throw a javelin. The javelin hits the centaur.
The centaur is heavily wounded.
Your skin stops crawling.
The centaur shoots an arrow.
The arrow misses you.
The centaur shoots an arrow.
The arrow misses you.
Grinder blinks!
The centaur unwields an uncursed shortbow.
The centaur hits you!
* * * LOW HITPOINT WARNING * * *
Grinder gestures at you.
You barely resist. The centaur hits you.
* * * LOW HITPOINT WARNING * * *
An adder comes into view.
Things that are here:
a short sword; a stone; a kobold corpse Are you sure you want to abandon this character and quit the game? (Confirm with "yes".)

.#.⌠.#.#.#####..#
..# #..#........##
..###..########.(##
.......####
###...###
....#.....#
#.......#
..........#
#.##.##.#
..........# #. #.#
.# ..........# #
#(# # ....#.....#
#@# .......####
#...c5..# ..######
####.#### .## #.#
.# #.# .# #S# (.
..# ## ..# ∆


You could see Grinder, a centaur and an adder (wandering).

Vanquished Creatures
  Terence (D:2)
  An adder (D:2)
  A worm (D:2)
  2 dart slugs
  A leopard gecko (D:1)
  A giant cockroach (D:2)
  3 hobgoblins
  3 jackals (D:1)
  2 bats (D:1)
  A frilled lizard (D:1)
  6 goblins
  7 kobolds
  A rat (D:1)
30 creatures vanquished.

Notes
Turn   | Place    | Note
-------+----------+-------------------------------------------
     0 | D:1      | tidbits the Gnoll Necromancer began the quest for the Orb.
     0 | D:1      | Reached XP level 1. HP: 13/13 MP: 6/6
    85 | D:1      | Reached XP level 2. HP: 10/19 MP: 1/7
   283 | D:2      | Reached skill level 5 in Spellcasting
   283 | D:2      | Reached XP level 3. HP: 7/25 MP: 0/9
   286 | D:2      | Learned a level 1 spell: Animate Skeleton
   290 | D:2      | Learned a level 3 spell: Vampiric Draining
   294 | D:2      | Learned a level 3 spell: Regeneration
   360 | D:2      | Reached skill level 1 in Invocations
   463 | D:2      | Noticed Terence
   470 | D:2      | Killed Terence
   470 | D:2      | Reached skill level 1 in Fighting
   470 | D:2      | Reached skill level 1 in Short Blades
   470 | D:2      | Reached skill level 1 in Long Blades
   470 | D:2      | Reached skill level 1 in Axes
   470 | D:2      | Reached skill level 1 in Maces & Flails
   470 | D:2      | Reached skill level 1 in Polearms
   470 | D:2      | Reached skill level 1 in Staves
   470 | D:2      | Reached skill level 1 in Slings
   470 | D:2      | Reached skill level 1 in Bows
   470 | D:2      | Reached skill level 1 in Crossbows
   470 | D:2      | Reached skill level 1 in Throwing
   470 | D:2      | Reached skill level 1 in Armour
   470 | D:2      | Reached skill level 1 in Shields
   470 | D:2      | Reached skill level 1 in Unarmed Combat
   470 | D:2      | Reached skill level 1 in Evocations
   470 | D:2      | Reached XP level 4. HP: 23/32 MP: 1/11
   543 | D:3      | Noticed Grinder
   544 | D:3      | Noticed a centaur
   548 | D:3      | Paralysed by Grinder for 3 turns
   562 | D:3      | Quit the game

Skill      XL: |  1  2  3 |
---------------+----------+-----
Spellcasting   | 5 |  5.0
Invocations    | 1 |  1.1
Fighting       | 1 |  1.0
Short Blades   | 1 |  1.0
Long Blades    | 1 |  1.0
Axes           | 1 |  1.0
Maces & Flails | 1 |  1.0
Polearms       | 1 |  1.0
Staves         | 1 |  1.0
Slings         | 1 |  1.0
Bows           | 1 |  1.0
Crossbows      | 1 |  1.0
Throwing       | 1 |  1.0
Armour         | 1 |  1.0
Shields        | 1 |  1.0
Unarmed Combat | 1 |  1.0
Evocations     | 1 |  1.0
Dodging        | |  4.6
Stealth        | |  4.2
Conjurations   | |  0.8
Hexes          | |  0.8
Charms         | |  0.8
Summonings     | |  0.8
Necromancy     | |  7.1
Translocations | |  0.8
Transmutations | |  0.8
Fire Magic     | |  0.8
Ice Magic      | |  0.8
Air Magic      | |  0.8
Earth Magic    | |  0.8
Poison Magic   | |  0.8

Action                   |  1- 3 |  4- 6 || total
-------------------------+-------+-------++-------
Melee: Short sword       |     3 |     1 ||     4
       Flail             |       |     6 ||     6
Throw: Javelin           |    15 |     1 ||    16
       Stone             |     5 |       ||     5
 Cast: Pain              |    41 |     3 ||    44
       Regeneration      |     1 |     1 ||     2
       Vampiric Draining |       |     1 ||     1
  Use: Scroll            |     5 |     1 ||     6
       Potion            |     1 |     1 ||     2
 Stab: Sleeping          |     1 |     1 ||     2
Armor: Robe              |     1 |     2 ||     3
Dodge: Dodged            |     8 |    15 ||    23

Table legend:
 A = Turns spent in this place as a percentage of turns spent in the entire game.
 B = Non-inter-level travel turns spent in this place as a percentage of non-inter-level travel turns spent in the entire game.
 C = Inter-level travel turns spent in this place as a percentage of turns spent in this place.
 D = Turns resting spent in this place as a percentage of non-inter-level travel turns spent in this place.
 E = Turns spent auto-exploring this place as a percentage of non-inter-level travel turns spent in this place.
 F = Non-inter-level travel turns spent in this place divided by the number of levels of this place that you've seen.
                   A       B       C       D       E      F
               +-------+-------+-------+-------+-------+----------------------
         Total | 100.0 | 100.0 |   0.0 |   0.0 |   0.0 | 187.3
       Dungeon | 100.0 | 100.0 |   0.0 |   0.0 |   0.0 | 187.3
               +-------+-------+-------+-------+-------+----------------------

Table legend:
 A = Kills in this place as a percentage of kills in entire the game.
 B = Kills by you in this place as a percentage of kills by you in the entire game.
 C = Kills by friends in this place as a percentage of kills by friends in the entire game.
 D = Other kills in this place as a percentage of other kills in the entire game.
 E = Experience gained in this place as a percentage of experience gained in the entire game.
 F = Experience gained in this place divided by the number of levels of this place that you have seen.
                   A       B       C       D       E      F
               +-------+-------+-------+-------+-------+----------------------
         Total | 100.0 | 100.0 |   N/A |   N/A | 100.0 |  35.0
       Dungeon | 100.0 | 100.0 |   N/A |   N/A | 100.0 |  35.0
               +-------+-------+-------+-------+-------+----------------------

Vault maps used:
D:1:      dpeg_arrival_radiant
D:2:      kennysheep_big_flooded_room, uniq_terence, uniq_natasha
D:3:      lemuel_doored_altar, okawaru_gym_becter,
          minmay_misc_feat_four_crosses, grunt_decor_one_mirror,
          guppyfry_early_orc_mine, uniq_grinder, uniq_robin
